 Dungeon Crawl Stone Soup version 0.20.1-1-g8b1a95d (webtiles) character file.

139 Irenicus the Insei (level 5, -2/44 HPs)
             Began as a Deep Dwarf Transmuter on Oct 16, 2017.
             Was an Initiate of Makhleb.
             Killed from afar by an orc wizard (7 damage)
             ... with a puff of frost
             ... on level 3 of the Dungeon.
             The game lasted 00:07:54 (2036 turns).

Irenicus the Insei (Deep Dwarf Transmuter)          Turns: 2036, Time: 00:07:55

Health: -2/44      AC:  1    Str: 12 (13) XL:     5   Next: 1%
Magic:  3/7        EV: 12    Int: 13 (14) God:    Makhleb [......]
Gold:   116        SH:  0    Dex: 12 (14) Spells: 4/7 levels left

rFire    . . .     SeeInvis .     - Unarmed
rCold    . . .     Gourm    .   (no shield)
rNeg     . . .     Faith    .   j - -2 leather armour (curse)
rPois    .         Spirit   .   (no helmet)
rElec    .         Reflect  .   (no cloak)
rCorr    .         Harm     .   (no gloves)
MR       .....                  (boots currently unavailable)
Stlth    +.........             (no amulet)
Regen    0.0/turn               k - ring of flight
MPRegen  0.1/turn               (no ring)

@: appendage, non-regenerating
A: damage resistance, heal wounds, talons 3, sense surroundings 1, no
regeneration
a: Heal Wounds, End Transformation, Renounce Religion, Evoke Flight


You were on level 3 of the Dungeon.
You worshipped Makhleb.
Makhleb was noncommittal.
You were hungry.
You had grown temporary talons.
You visited 1 branch of the dungeon, and saw 3 of its levels.

You collected 116 gold pieces.

Inventory:

Missiles
 a - 10 arrows
Armour
 b - a +1 robe
 j - a cursed -2 leather armour (worn)
Jewellery
 k - a ring of flight (left hand)
Scrolls
 l - a scroll of recharging
 m - a scroll of magic mapping {unknown}
Potions
 g - 3 potions of curing
 i - a potion of degeneration
Books
 c - a book of Changes

   Spells                             Type                      Level
   a - Beastly Appendage              Transmutation                1
   b - Sticks to Snakes               Transmutation                2
   c - Spider Form                    Transmutation/Poison         3
   d - Ice Form                       Ice/Transmutation            4
   e - Blade Hands                    Transmutation                5
Comestibles
 d - 3 bread rations
 f - 3 fruits
 h - a meat ration


   Skills:
 - Level 1.0 Fighting
 - Level 2.1 Dodging
 + Level 5.2 Unarmed Combat
 - Level 1.7 Spellcasting
 - Level 1.7 Transmutations


You had 4 spell levels left.
You knew the following spells:

 Your Spells              Type           Power        Failure   Level  Hunger
a - Beastly Appendage     Tmut           #.....       16%         1    ##.....
b - Sticks to Snakes      Tmut           #.......     24%         2    ###....


Dungeon Overview and Level Annotations

Branches:
Dungeon (3/15)

Altars:
Hepliaklqana
Makhleb
Okawaru
Trog
Xom

Annotations:
D:2 exclusion: door


Innate Abilities, Weirdness & Mutations

You are resistant to damage.
You can heal yourself by infusing magical energy.
You passively map a small area around you.
You do not regenerate.
You have claws for feet.


Message History

You are starting to lose your buoyancy.
The orc wizard casts a spell at you. The magic dart hits you!
* * * LOW HITPOINT WARNING * * *
There is an open door, spattered with blood here.
The orc wizard miscasts a cantrip.
Casting: Beastly Appendage
Confirm with . or Enter, or press ? or * to list all spells.
Your feet morph into talons.
The orc wizard looks encouraged for a moment.
You float gracefully downwards.
The orc wizard gestures at you while chanting.
The puff of frost hits you!
* * * LOW HITPOINT WARNING * * *
You hit the orc wizard but do no damage.
The orc wizard hits you with a dagger.
* * * LOW HITPOINT WARNING * * *
The orc wizard gestures at you while chanting.
The puff of frost hits you!
You die...

...# #....#...# , , #..#### #+#
...# #....#...# ** ,...... ,#..
...#####....#...#######.#.#####.#
...'...+....'...'................
...#####....#...#######.#..####.#
......†........o.................
#...##........#########.........#
+...++.........#.........#..#....
#...##.........#@#####...# .#.^.^
#...##########o#o#.)o#...##...^_^
#...##########'#o#.#.#...#....^.^
##........#......#.#)....#.#.....
#........#......#...#.....##.#.#
#........#......#<...#'#####.#.#
#........#............... #.#.#
#........####'#..........#*#.#.#
#........# #.##...[.......


You could see 2 orc wizards.

Vanquished Creatures
  An orc priest (D:3)
  An orc wizard (D:3)
  2 gnolls (D:2)
  2 adders (D:2)
  2 worms (D:2)
  A dart slug (D:2)
  2 orcs (D:3)
  2 giant cockroaches
  7 goblins
  2 hobgoblins
  9 kobolds
  4 bats
  2 frilled lizards
  4 rats
41 creatures vanquished.

Notes
Turn   | Place    | Note
-------+----------+-------------------------------------------
     0 | D:1      | Irenicus the Deep Dwarf Transmuter began the quest for the Orb.
     0 | D:1      | Reached XP level 1. HP: 16/16 MP: 3/3
    60 | D:1      | Reached skill level 3 in Unarmed Combat
   137 | D:1      | Reached skill level 1 in Fighting
   137 | D:1      | Reached XP level 2. HP: 23/25 MP: 2/4
   578 | D:2      | Found a hazy altar of Hepliaklqana.
   654 | D:2      | Reached XP level 3. HP: 9/31 MP: 2/5
   719 | D:2      | Found a bloodstained altar of Trog.
  1032 | D:2      | Reached skill level 4 in Unarmed Combat
  1732 | D:2      | Reached XP level 4. HP: 2/38 MP: 4/6
  1747 | D:2      | Found an iron altar of Okawaru.
  1780 | D:3      | Found a shimmering altar of Xom.
  1812 | D:3      | Found a burning altar of Makhleb.
  1817 | D:3      | Became a worshipper of Makhleb the Destroyer
  1931 | D:3      | Learned a level 2 spell: Sticks to Snakes
  2006 | D:3      | Reached skill level 5 in Unarmed Combat
  2006 | D:3      | Reached XP level 5. HP: 17/44 MP: 1/7
  2036 | D:3      | Killed from afar by an orc wizard

Skill      XL: |  1  2  3  4 |
---------------+-------------+-----
Unarmed Combat | 3 4 5 |  5.2
Fighting       | 1 |  1.0
Dodging        | |  2.1
Spellcasting   | |  1.7
Transmutations | |  1.7

Action                   |  1- 3 |  4- 6 || total
-------------------------+-------+-------++-------
Melee: Unarmed           |   126 |    20 ||   146
       Kick              |    11 |     2 ||    13
       Headbutt          |     7 |     3 ||    10
 Cast: Beastly Appendage |    22 |     8 ||    30
       Sticks to Snakes  |       |     2 ||     2
 Abil: Heal Wounds       |     2 |     2 ||     4
  Use: Scroll            |     5 |       ||     5
       Potion            |       |     3 ||     3
  Eat: Chunk             |     2 |     2 ||     4
Armor: Robe              |     6 |       ||     6
       Leather armour    |    14 |     1 ||    15
Dodge: Dodged            |    78 |    10 ||    88
